 Dungeon Crawl Stone Soup version 0.28.0-1-gb440e238dd (webtiles) character file.

Game seed: 2940443671655634340

3252 Jazqba the Grappler (level 9, -2/80 HPs)
             Began as a Troll Chaos Knight on Feb 22, 2022.
             Was a Plaything of Xom.
             Slain by a wolf (3 damage)
             ... led by Grum
             ... on level 8 of the Dungeon.
             The game lasted 00:06:18 (6125 turns).

Jazqba the Grappler (Troll Chaos Knight)            Turns: 6125, Time: 00:06:18

Health: -2/80      AC:  7    Str: 22    XL:     9   Next: 67%
Magic:  8/8        EV: 12    Int:  8    God:    Xom [......]
Gold:   903        SH:  0    Dex: 13    Spells: 8/8 levels left

rFire   . . .      SeeInvis .     - Unarmed
rCold   . . .      Faith    .   (no shield)
rNeg    . . .      Spirit   .   a - +2 robe
rPois   +          Reflect  .   (helmet restricted)
rElec   +          Harm     .   (no cloak)
rCorr   .          Rampage  .   (gloves unavailable)
Will    .....                   (boots unavailable)
Stlth   +++.......              (no amulet)
HPRegen 1.03/turn               l - ring of flight
MPRegen 0.11/turn               (no ring)

@: flying, unable to read
A: large, unfitting armour, claws 3, regeneration 1, shaggy fur 2, tough skin 1,
thin skeletal structure 1, camouflage 1, clumsy 1, frail 1, poison resistance,
electricity resistance, inability to read while threatened, MP-powered wands
a: Renounce Religion


You were on level 8 of the Dungeon.
You worshipped Xom.
You were a very special plaything of Xom.
You visited 2 branches of the dungeon, and saw 9 of its levels.

You collected 903 gold pieces.

Inventory:

Hand Weapons
 f - a +1 whip of electrocution
 z - a +5 flail
Missiles
 h - 4 curare-tipped darts (quivered)
 p - a throwing net
 t - 4 large rocks
 u - 12 poisoned darts
Armour
 a - a +2 robe (worn)
 q - a +0 robe of resistance
Jewellery
 l - a ring of flight (left claw)
 o - a ring of fire
Wands
 e - a wand of flame (26)
 s - a wand of polymorph (18)
Scrolls
 d - a scroll of blinking
 g - a scroll of fog
 r - a scroll of enchant weapon {unknown}
 v - a scroll of fear {unknown}
 w - 2 scrolls of teleportation {unknown}
 y - a scroll of immolation {unknown}
 B - a scroll of magic mapping {unknown}
 C - a scroll of summoning {unknown}
Potions
 b - a potion of heal wounds
 c - 2 potions of invisibility
 i - a potion of lignification
 j - 2 potions of mutation
 k - a potion of might
 m - 3 potions of flight
 n - a potion of curing
 x - a potion of berserk rage {unknown}
 A - 2 potions of brilliance {unknown}


   Skills:
 + Level 6.2 Fighting
 + Level 6.0 Dodging
 * Level 10.2 Unarmed Combat


You had 8 spell levels left.
You didn't know any spells.
Your spell library contained the following spells:

 Spells                   Type           Power      Damage    Failure   Level
 Call Canine Familiar     Summ           0%         N/A       78%         3
 Portal Projectile        Hex/Tloc       0%         N/A       78%         3
 Leda's Liquefaction      Hex/Erth       0%         N/A       99%         4


Dungeon Overview and Level Annotations

Branches:
Dungeon (8/15)             Temple (1/1) D:7
   Lair: D:8-11

Altars:
Ashenzari
Cheibriados
Dithmenos
Elyvilon
Fedhas
Hepliaklqana
Kikubaaqudgha
Makhleb
Okawaru
Qazlal
Ru
Sif Muna
Trog
Uskayaw
Vehumet
Wu Jian
Yredelemnul
Zin
The Shining One

Shops:
D:5 (   D:7 :

Annotations:
D:8 Grum


Innate Abilities, Weirdness & Mutations

You are too large for most types of armour.
You have claws for hands.
Your natural rate of healing is unusually fast.
You are covered in thick fur. (AC +2)
You have tough skin. (AC +1)
You have a somewhat thin skeletal structure. (Dex +2, Stealth+)
Your skin changes colour to match your surroundings (Stealth+).
You are clumsy. (Dex -2)
You are frail. (-10% HP)
Your system is resistant to poisons. (rPois)
You are resistant to electric shocks. (rElec)
You sometimes lose the ability to read scrolls when taking damage.
You expend magic power (3 MP) to strengthen your wands.


Message History

You scratch the wolf.
You kill the wolf!
Grum closely misses you. Grum closely misses you.
You see here a wolf corpse.
Unknown command.
You completely miss Grum. Grum hits you with a -1 spear!
Unknown command.
You are too injured to fight recklessly!
You closely miss Grum. You mangle Grum!!
Grum is heavily wounded.
You hear a howl!
A wolf comes into view. x2
Grum hits you with a -1 spear!
* * * LOW HITPOINT WARNING * * *
The wolf moves out of view.
You scratch Grum.
Grum is severely wounded.
Grum completely misses you.
Unknown command.
You closely miss Grum.
Grum is severely wounded.
Grum says, "I'm selling these fine leather pelts."
Grum hits you with a -1 spear!
* * * LOW HITPOINT WARNING * * *
Unknown command.
You barely miss Grum.
Grum is severely wounded.
The wolf bites you but does no damage. Grum hits you with a -1 spear.
* * * LOW HITPOINT WARNING * * *
Unknown command.
You scratch Grum.
Grum is severely wounded.
The wolf bites you!
* * * LOW HITPOINT WARNING * * *
Xom thinks this is hilarious!
The wolf bites you.
You die...
Xom thinks this is hilarious!

. . .###.. .. ..#
######## #.
#.#####......#
..####.##.##.........#
......hg.....##......#
.......@##......#####
......#†##..........####
..... #.!..............#
.... ##........######.#
### #...#....# #.#
..........(+ #..
#.###..###.+ #.. #..
##.###.# #.. #.
#..##.######..


You could see Grum and a wolf.

Vanquished Creatures
  Prince Ribbit (D:5)
  Sigmund (D:2)
  A steam dragon (D:7)
  Edmund (D:5)
  Duvessa (D:4)
  An orc warrior (D:7)
  2 necrophages
  3 sky beasts
  2 ogres (D:5)
  3 centaurs
  2 wolves (D:8)
  A kobold brigand (D:6)
  2 phantoms
  Blork the orc (D:5)
  2 scorpions
  2 water moccasin skeletons (D:6)
  A wyvern skeleton (D:7)
  Dowan (D:4)
  3 wights (D:7)
  3 orc priests
  A hound (D:4)
  A bullfrog skeleton (D:4)
  3 centaur zombies
  A gnoll shaman (D:7)
  A centaur skeleton (D:6)
  4 iguanas
  3 orc wizards
  A killer bee zombie (D:7)
  Robin (D:2)
  7 gnolls
  3 adders
  A white imp (D:5)
  2 ufetubi (D:5)
  A worm (D:3)
  2 dart slugs
  15 orcs
  4 bats
  2 endoplasms
  10 goblins
  11 hobgoblins
  9 jackals
  5 quokkas
  10 ball pythons
  2 frilled lizards
  10 kobolds
  2 rats (D:2)
146 creatures vanquished.

Notes
Turn   | Place    | Note
-------+----------+-------------------------------------------
     0 | D:1      | Jazqba the Troll Chaos Knight began the quest for the Orb.
     0 | D:1      | Reached XP level 1. HP: 22/22 MP: 0/0
     2 | D:1      | XOM: divination: detect items
    83 | D:1      | Found a faded altar of an unknown god.
   115 | D:1      | Reached XP level 2. HP: 29/29 MP: 1/1
   138 | D:1      | XOM: divination: magic mapping
   287 | D:1      | XOM: silly message
   647 | D:1      | XOM: give mutations
   647 | D:1      | Gained mutation: Your flesh is cold resistant. (rC+) [Xom's
                  | grace]
   647 | D:1      | Gained mutation: You are robust. (+10% HP) [Xom's grace]
   647 | D:1      | Gained mutation: You are covered in thick fur. (AC +2)
                  | [Xom's grace]
   647 | D:1      | Gained mutation: Your system is resistant to poisons.
                  | (rPois) [Xom's grace]
   861 | D:2      | Noticed Robin
   874 | D:2      | Reached XP level 3. HP: 39/39 MP: 2/2
   886 | D:2      | Killed Robin
  1070 | D:2      | Noticed Sigmund
  1078 | D:2      | Killed Sigmund
  1079 | D:2      | Reached skill level 4 in Unarmed Combat
  1079 | D:2      | Reached XP level 4. HP: 49/49 MP: 3/3
  1079 | D:2      | Reached XP level 5. HP: 58/58 MP: 4/4
  1244 | D:2      | XOM: give mutations
  1244 | D:2      | Gained mutation: Your skin changes colour to match your
                  | surroundings (Stealth+). [Xom's grace]
  1244 | D:2      | Gained mutation: You expend magic power (3 MP) to
                  | strengthen your wands. [Xom's grace]
  1244 | D:2      | Gained mutation: You are resistant to electric shocks.
                  | (rElec) [Xom's grace]
  1296 | D:2      | XOM: cloud trail
  1314 | D:2      | XOM: god gift: 592 gold pieces
  1412 | D:2      | You fall into a shaft and drop 2 floors!
  1417 | D:4      | Noticed a centaur
  1424 | D:4      | Killed a centaur
  1425 | D:4      | Reached skill level 5 in Unarmed Combat
  1425 | D:4      | Reached XP level 6. HP: 63/67 MP: 5/5
  1551 | D:4      | Noticed Duvessa
  1551 | D:4      | Noticed Dowan
  1561 | D:4      | XOM: confuse monster(s)
  1564 | D:4      | Killed Duvessa
  1568 | D:4      | Killed Dowan
  1618 | D:4      | XOM: noise
  1627 | D:4      | Reached skill level 6 in Unarmed Combat
  1627 | D:4      | Reached XP level 7. HP: 75/77 MP: 6/6
  1629 | D:4      | XOM: noise
  1661 | D:4      | Found a glowing golden altar of the Shining One.
  1663 | D:4      | XOM: noise
  1666 | D:4      | XOM: enchant monster (good)
  1910 | D:3      | Found a burning altar of Makhleb.
  1910 | D:3      | Noticed a blizzard demon
  2224 | D:3      | XOM: noise
  2498 | D:4      | XOM: 2-stop teleportation journey
  2679 | D:4      | Found a bloodstained altar of Trog.
  2679 | D:4      | Found a glowing silver altar of Zin.
  2688 | D:4      | Found a faded altar of an unknown god.
  2690 | D:4      | Found a stormy altar of Qazlal.
  2692 | D:4      | Found a faded altar of an unknown god.
  2872 | D:5      | Entered Level 5 of the Dungeon
  2914 | D:5      | Noticed Blork the orc
  2924 | D:5      | Killed Blork the orc
  2966 | D:5      | Reached skill level 7 in Unarmed Combat
  3045 | D:5      | XOM: noise
  3047 | D:5      | Reached XP level 8. HP: 83/86 MP: 7/7
  3111 | D:5      | XOM: silly message
  3153 | D:5      | Noticed Prince Ribbit
  3178 | D:5      | Killed Prince Ribbit
  3192 | D:5      | XOM: noise
  3205 | D:5      | Reached skill level 5 in Fighting
  3205 | D:5      | Reached skill level 8 in Unarmed Combat
  3359 | D:5      | Found Suruples's Weapon Boutique.
  3384 | D:5      | XOM: give mutations
  3384 | D:5      | Lost mutation: You are robust. (+10% HP) [Xom's mischief]
  3384 | D:5      | Gained mutation: You are frail. (-10% HP) [Xom's mischief]
  3384 | D:5      | Gained mutation: You have a somewhat thin skeletal
                  | structure. (Dex +2, Stealth+) [Xom's mischief]
  3658 | D:5      | Noticed Edmund
  3660 | D:5      | XOM: summons friendly iron imp
  3664 | D:5      | Killed Edmund
  3706 | D:5      | XOM: smoke on damage
  3712 | D:5      | Reached skill level 5 in Dodging
  3741 | D:4      | XOM: divination: detect creatures
  4121 | D:6      | XOM: 6-stop teleportation journey
  4154 | D:6      | Reached XP level 9. HP: 75/79 MP: 8/8
  4271 | D:6      | Found a sacrificial altar of Ru.
  4278 | D:6      | Reached skill level 9 in Unarmed Combat
  4334 | D:6      | XOM: noise
  4505 | D:6      | XOM: divination: magic mapping
  4578 | D:6      | XOM: blink monster(s)
  4677 | D:6      | XOM: give mutation
  4677 | D:6      | Gained mutation: You sometimes lose the ability to read
                  | scrolls when taking damage. [Xom's mischief]
  4998 | D:7      | Found a white marble altar of Elyvilon.
  5034 | D:7      | XOM: give mutations
  5034 | D:7      | Lost mutation: Your flesh is cold resistant. (rC+) [Xom's
                  | mischief]
  5034 | D:7      | Gained mutation: You are dopey. (Int -2) [Xom's mischief]
  5034 | D:7      | Gained mutation: You are clumsy. (Dex -2) [Xom's mischief]
  5034 | D:7      | Lost mutation: You are dopey. (Int -2) [Xom's mischief]
  5101 | D:7      | XOM: chaos upgrade
  5113 | D:7      | Found a snail-covered altar of Cheibriados.
  5234 | D:7      | Found a shadowy altar of Dithmenos.
  5243 | D:7      | Found a staircase to the Ecumenical Temple.
  5245 | D:7      | XOM: smoke on damage
  5250 | D:7      | XOM: silly message
  5272 | D:7      | Found Tarror's Book Shoppe.
  5277 | D:7      | Reached skill level 10 in Unarmed Combat
  5290 | D:7      | XOM: summons 5 hostile demons
  5291 | D:7      | Noticed a red devil
  5291 | D:7      | Noticed a rust devil
  5306 | Temple   | Entered the Ecumenical Temple
  5707 | D:7      | XOM: polymorph orc warrior -> sky beast
  5958 | D:7      | XOM: noise
  6101 | D:8      | Noticed Grum
  6125 | D:8      | HP: 1/80 [wolf[Grum] (8)]
  6125 | D:8      | Slain by a wolf

Illustrated notes

Levels and vault maps discovered:
D:1:      dpeg_arrival_rooms_b, layout_basic, ebering_ecumenical_altar_box,
          minmay_shallow_snake_nest
D:2:      layout_basic, chequers_serial_rivers_micro_d, uniq_robin, uniq_sigmund
D:3:      layout_basic, makhleb_altar_promises_db, kennysheep_generic_room_4
D:4:      layout_loops_corners, chequers_temple_overflow_minitemple,
          overflow_temple_1_default, uniq_duvessa
D:5:      layout_basic, serial_shops, nicolae_shop_crystal, serial_bayou_ford_a,
          minmay_misc_feat_pillars, uniq_edmund, uniq_blork_the_orc,
          uniq_prince_ribbit1
D:6:      cheibrodos_quashed, layout_basic, nicolae_ru_great_annihilating_truth
D:7:      layout_cave_pods, elyvilon_altar_1, nicolae_dithmenos_shadow_blocks,
          kennysheep_slug_shrine, minmay_temple_entry_statues, serial_shops,
          shop, serial_column_ruins, column_ruins_hut,
          column_ruins_columns_straight, column_ruins_columns_dead_end,
          column_ruins_open_tiny, column_ruins_grid_2, column_ruins_open_medium
D:8:      layout_rooms, general_overflow_altar, lemuel_crystal_altar, uniq_grum,
          uniq_erica, uniq_psyche
Temple:   zaba_magenta_temple

Skill      XL: |  1  2  3  4  5  6  7  8  9 |
---------------+----------------------------+-----
Dodging        | 2 3 4 5 6 |  6.0
Fighting       | 3 4 5 6 |  6.2
Unarmed Combat | 4 5 6 7 8 10 | 10.2

Action                   |  1- 3 |  4- 6 |  7- 9 || total
-------------------------+-------+-------+-------++-------
Melee: Unarmed           |   107 |    54 |   296 ||   457
       Punch             |     5 |     2 |    20 ||    27
  Use: Scroll            |       |       |    10 ||    10
 Stab: Sleeping          |       |     2 |    11 ||    13
       Confused          |       |     2 |       ||     2
       Distracted        |       |       |     1 ||     1
       Invisible         |       |       |     1 ||     1
       Paralysed         |       |       |     1 ||     1
Armor: Robe              |    58 |    22 |    86 ||   166
Dodge: Dodged            |    57 |    29 |   149 ||   235
